 Dungeon Sprint DCSS version 0.20-a0-754-g13ddd6e (webtiles) character file.

27580 Gorglomux the Convoker (level 13, -6/74 HPs)
             Began as a Deep Elf Summoner on Feb 25, 2017.
             Was the Champion of Sif Muna.
             Killed from afar by a spriggan air mage (22 damage)
             ... with a bolt of lightning
             ... in the Dungeon (Sprint IX: "|||||||||||||||||||||||||||||").
             The game lasted 00:30:40 (6058 turns).

Gorglomux the Convoker (Deep Elf Summoner)          Turns: 6058, Time: 00:30:41

Health: -6/74      AC:  7    Str:  8    XL:     13   Next: 5%
Magic:  28/36      EV: 13    Int: 29    God:    Sif Muna [******]
Gold:   1774       SH:  0    Dex: 15    Spells: 11/46 levels left

rFire    + . .     SeeInvis .   N - staff of energy
rCold    . . .     Gourm    .   a - +0 robe
rNeg     . . .     Faith    .   (no shield)
rPois    .         Spirit   .   F - +0 helmet
rElec    .         Reflect  .   w - +1 cloak
rCorr    .         Harm     .   v - +0 pair of gloves {Str+3}
MR       +....     NoTele   +   L - +0 pair of boots
Stlth    ++++......             (no amulet)
Regen    0.3/turn               K - +3 ring of intelligence
MPRegen  0.3/turn               f - ring of protection from fire

@: divine energy
A: no striking features
a: Stop Divine Energy, Channel Magic, Forget Spell, Renounce Religion


You were in the Dungeon.
You worshipped Sif Muna.
Sif Muna was exalted by your worship.
You were not hungry.

You visited 1 branch You collected 1919 gold pieces.
You spent 145 gold pieces at shops.

Inventory:

Armour
 a - a +0 robe (worn)
 v - a +0 pair of gloves of strength (worn)
 w - a +1 cloak (worn)
 F - a +0 helmet (worn)
 G - a +0 cloak
 L - a +0 pair of boots (worn)
 Z - a +0 pair of gloves
Magical Staves
 N - an uncursed staff of energy (weapon)
Jewellery
 f - a ring of protection from fire (left hand)
 x - an uncursed ring of fire
 y - an uncursed ring of protection from fire
 J - a +3 ring of dexterity
 K - a +3 ring of intelligence (right hand)
Wands
 E - a wand of disintegration (22/24)
 I - a wand of iceblast (7/15)
Scrolls
 j - 4 scrolls of remove curse
 t - 2 scrolls of enchant armour
 z - 2 scrolls of immolation
 B - 4 scrolls of blinking
 M - a scroll of magic mapping
 O - 2 scrolls of amnesia
 R - 2 scrolls of identify
 S - 2 scrolls of fear
 T - a scroll of fog
 U - a scroll of recharging
Potions
 d - 7 potions of curing
 e - 6 potions of heal wounds
 g - 3 potions of magic
 h - 3 potions of berserk rage
 i - a potion of invisibility
 u - 2 potions of haste
 Y - 2 potions of mutation
Books
 b - a book of Callings

   Spells                             Type                      Level
   a - Summon Small Mammal            Summoning                    1
   b - Call Imp                       Summoning                    2
   c - Call Canine Familiar           Summoning                    3
   d - Summon Guardian Golem          Hexes/Summoning              3
   e - Summon Lightning Spire         Summoning/Air                4
   f - Summon Ice Beast               Ice/Summoning                4
 p - Sif Muna's Catalogue of the Hurtful Mountains {god gift}
   (Sif Muna gifted it to you in the Dungeon)

   Spells                             Type                      Level
   a - Throw Flame                    Conjuration/Fire             2
   b - Conjure Flame                  Conjuration/Fire             3
   c - Venom Bolt                     Conjuration/Poison           5
   d - Lee's Rapid Deconstruction     Earth                        5
   e - Conjure Ball Lightning         Conjuration/Air              6
   f - Bolt of Fire                   Conjuration/Fire             6
   g - Poison Arrow                   Conjuration/Poison           6
 q - Sif Muna's Grimoire of the Compass and Evil {god gift}
   (Sif Muna gifted it to you in the Dungeon)

   Spells                             Type                      Level
   a - Animate Skeleton               Necromancy                   1
   b - Bolt of Draining               Conjuration/Necromancy       5
   c - Malign Gateway                 Summoning/Translocation      7
   d - Death's Door                   Charms/Necromancy            8
   e - Necromutation                  Transmutation/Necromancy     8
 r - Loiklo Dirgh's Handbook of Aid and Evil Magic {god gift}
   (Sif Muna gifted it to you in the Dungeon)

   Spells                             Type                      Level
   a - Swiftness                      Charms/Air                   2
   b - Song of Slaying                Charms                       2
   c - Sublimation of Blood           Necromancy                   2
   d - Deflect Missiles               Charms/Air                   6
 s - Sif Muna's Disquisition on Sinister Secrets and Transmutation {god gift}
   (Sif Muna gifted it to you in the Dungeon)

   Spells                             Type                      Level
   a - Corpse Rot                     Necromancy                   2
   b - Ignite Poison                  Fire/Transmutation/Poison    3
   c - Excruciating Wounds            Charms/Necromancy            5
   d - Cigotuvi's Embrace             Necromancy                   5
   e - Hydra Form                     Transmutation                6
 A - Sif Muna's Tome of the Flying Frostbite {god gift}
   (Sif Muna gifted it to you in the Dungeon)

   Spells                             Type                      Level
   a - Ozocubu's Armour               Charms/Ice                   3
   b - Airstrike                      Air                          4
   c - Lightning Bolt                 Conjuration/Air              5
   d - Freezing Cloud                 Conjuration/Ice/Air          6
 C - a book of Necromancy {god gift}

   Spells                             Type                      Level
   a - Pain                           Necromancy                   1
   b - Animate Skeleton               Necromancy                   1
   c - Vampiric Draining              Necromancy                   3
   d - Regeneration                   Charms/Necromancy            3
   e - Animate Dead                   Necromancy                   4
   f - Control Undead                 Necromancy                   4
 D - a book of Minor Magic {god gift}

   Spells                             Type                      Level
   a - Magic Dart                     Conjuration                  1
   b - Blink                          Translocation                2
   c - Call Imp                       Summoning                    2
   d - Slow                           Hexes                        2
   e - Conjure Flame                  Conjuration/Fire             3
   f - Mephitic Cloud                 Conjuration/Poison/Air       3
 Q - Hatz's Collected Works on Lightness and the Voyage {god gift}
   (Sif Muna gifted it to you in the Dungeon)

   Spells                             Type                      Level
   a - Static Discharge               Conjuration/Air              3
   b - Recall                         Summoning/Translocation      3
   c - Lesser Beckoning               Translocation                3
   d - Tornado                        Air                          9
 V - Sif Muna's Reference Book on Creative Weightlessness {god gift}
   (Sif Muna gifted it to you in the Dungeon)

   Spells                             Type                      Level
   a - Summon Ice Beast               Ice/Summoning                4
   b - Silence                        Hexes/Air                    5
   c - Aura of Abjuration             Summoning                    5
   d - Shadow Creatures               Summoning                    6
   e - Chain Lightning                Conjuration/Air              8
   f - Summon Horrible Things         Summoning                    8
 W - Sif Muna's Grimoire of the Blaze {god gift}
   (Sif Muna gifted it to you in the Dungeon)

   Spells                             Type                      Level
   a - Throw Flame                    Conjuration/Fire             2
   b - Inner Flame                    Hexes/Fire                   3
   c - Sticky Flame                   Conjuration/Fire             4
   d - Ignition                       Fire                         8
   e - Fire Storm                     Conjuration/Fire             9
 X - Sif Muna's Incunabulum of the Supportive Frostbite {god gift}
   (Sif Muna gifted it to you in the Dungeon)

   Spells                             Type                      Level
   a - Summon Butterflies             Summoning                    1
   b - Metabolic Englaciation         Hexes/Ice                    5
   c - Summon Mana Viper              Hexes/Summoning              5
   d - Summon Forest                  Summoning/Translocation      5
   e - Simulacrum                     Ice/Necromancy               6
   f - Haunt                          Necromancy/Summoning         7
   g - Summon Greater Demon           Summoning                    7
   h - Dragon's Call                  Summoning                    9
Comestibles
 c - 13 bread rations
 o - a chunk of flesh
 H - 10 meat rations
 P - 40 fruits


   Skills:
 - Level 5.8 Fighting
 - Level 2.4 Dodging
 - Level 10.1 Stealth
 + Level 17.4 Spellcasting
 + Level 20.4 Summonings
 - Level 18.9 Fire Magic
 - Level 6.4 Ice Magic
 - Level 10.5 Air Magic
 - Level 8.2 Invocations


You had 11 spell levels left.
You knew the following spells:

 Your Spells              Type           Power        Failure   Level  Hunger
a - Summon Small Mammal   Summ           ####         0%          1    None
b - Call Canine Familiar  Summ           #######.     0%          3    None
c - Call Imp              Summ           #######.     0%          2    None
d - Summon Ice Beast      Ice/Summ       #######.     1%          4    None
e - Summon Horrible Thin  Summ           #######...   2%          8    None
f - Ignition              Fire           #######...   6%          8    None
l - Summon Lightning Spi  Summ/Air       #######.     1%          4    None
A - Aura of Abjuration    Summ           #######...   0%          5    None


Dungeon Overview and Level Annotations

Branches:
Dungeon (1/1)

Altars:
Cheibriados
Dithmenos
Elyvilon
Fedhas
Gozag
Hepliaklqana
Kikubaaqudgha
Makhleb
Nemelex Xobeh
Okawaru
Qazlal
Ru
Sif Muna
Trog
Uskayaw
Vehumet
Xom
Yredelemnul
Zin
The Shining One
Beogh
Jiyva
Lugonu

Shops:
D [?[(


Message History

You butcher the deep troll corpse.
o - a chunk of flesh You see here a +0 troll leather armour.
Casting: Summon Horrible Things
Confirm with . or Enter, or press ? or * to list all spells.
Aiming: Summon Lightning Spire
Press: ? - help, Dir - move target cursor, f - you
Okay, then.
Casting: Summon Lightning Spire
Confirm with . or Enter, or press ? or * to list all spells.
The air bursts into flame!
The fireball engulfs the spriggan air mage.
The spriggan air mage is moderately wounded.
The spriggan air mage shouts!
The spriggan air mage gestures at you while chanting.
The bolt of lightning hits you!
Ouch! That really hurt!
* * * LOW HITPOINT WARNING * * *
The bolt of lightning hits you!
You die...

▓▓▓▓▓▓▓▓▓▓▓▓▓▓▓▓▓▓▓
▓.@..i.......D....†
▓.▓▓▓▓▓▓▓▓▓▓▓▓▓▓▓▓▓
▓.......[.........)
▓▓▓▓▓▓▓▓▓▓▓▓▓▓▓▓▓▓▓
▓...............'..
▓.▓▓▓▓▓▓▓▓▓▓▓▓▓▓▓▓▓
▓....X.X...X...)...
▓▓▓▓▓▓▓▓▓▓▓▓▓▓▓▓▓▓▓
▓.........'..==.)))


You could see a spriggan air mage.

Vanquished Creatures
  An ice dragon (D)
  A spriggan berserker (D)
  2 sea snakes (D)
  A harpy (D)
  An ugly thing (D)
  4 black mambas (D)
  A naga mage (D)
  A water elemental (D)
12 creatures vanquished.

Vanquished Creatures (collateral kills)
  Saint Roka (D)
  A quicksilver dragon (D)
  A shadow dragon (D)
  2 very ugly things (D)
  A stone giant (D)
  Nessos (D)
  Josephine (D)
  A yaktaur captain (D)
  A great orb of eyes (D)
  A naga warrior (D)
  A merfolk avatar (D)
  A rakshasa (D)
  Erica (D)
  An alligator snapping turtle (D)
  A two-headed ogre (D)
  An alligator (D)
  3 deep troll earth magi (D)
  3 orc high priests (D)
  A tengu warrior (D)
  A spriggan (D)
  Nergalle (D)
  A sea snake (D)
  A glowing orange brain (D)
  A swamp dragon (D)
  7 orc knights (D)
  4 ugly things (D)
  An orb spider (D)
  An oklob plant (D)
  3 orc sorcerers (D)
  A manticore (D)
  4 black mambas (D)
  Maurice (D)
  A water nymph (D)
  Psyche (D)
  A gargoyle (D)
  4 spiny frogs (D)
  2 komodo dragons (D)
  2 demonic crawlers (D)
  A jumping spider (D)
  A troll (D)
  A hornet (D)
  A slime creature (D)
  2 bog bodies (D)
  A hippogriff (D)
  3 blink frogs (D)
  A snapping turtle (D)
  A redback (D)
  A shadow (D)
  A wyvern (D)
  4 tarantellas (D)
  4 wraiths (D)
  2 basilisks (D)
  A yak (D)
  4 vampire mosquitoes (D)
  An insubstantial wisp (D)
  2 water moccasins (D)
  A warg (D)
  3 porcupines (D)
  An ice beast (D)
  11 orc warriors (D)
  3 ogres (D)
  A centaur (D)
  A crocodile (D)
  4 bullfrogs (D)
  A crimson imp (D)
  An orc priest (D)
  5 orc wizards (D)
  2 worker ants (D)
  An ooze (D)
  A leopard gecko (D)
  14 orcs (D)
  2 goblins (D)
  2 jackals (D)
  A kobold (D)
  A quokka skeleton (D)
150 creatures vanquished.

Vanquished Creatures (others)
  A swamp drake (D)
1 creature vanquished.

Grand Total: 163 creatures vanquished

Notes
Turn   | Place    | Note
-------+----------+-------------------------------------------
     0 | D        | Gorglomux the Deep Elf Summoner began the quest for the Orb.
     0 | D        | Reached XP level 1. HP: 10/10 MP: 6/6
    14 | D        | Reached skill level 5 in Summonings
   182 | D        | Noticed an ogre
   182 | D        | Noticed a worker ant
   204 | D        | Killed an ogre
   204 | D        | Reached skill level 8 in Summonings
   204 | D        | Reached XP level 2. HP: 15/15 MP: 1/8
   204 | D        | Reached XP level 3. HP: 19/19 MP: 1/9
   216 | D        | Reached skill level 9 in Summonings
   336 | D        | Learned a level 3 spell: Call Canine Familiar
   358 | D        | Found a roughly hewn altar of Beogh.
   358 | D        | Found a snail-covered altar of Cheibriados.
   358 | D        | Found a shadowy altar of Dithmenos.
   358 | D        | Found a white marble altar of Elyvilon.
   358 | D        | Found a blossoming altar of Fedhas.
   358 | D        | Found an opulent altar of Gozag.
   359 | D        | Found a hazy altar of Hepliaklqana.
   360 | D        | Found a viscous altar of Jiyva.
   361 | D        | Found an ancient bone altar of Kikubaaqudgha.
   362 | D        | Found a corrupted altar of Lugonu.
   363 | D        | Found a burning altar of Makhleb.
   364 | D        | Found a sparkling altar of Nemelex Xobeh.
   365 | D        | Found an iron altar of Okawaru.
   366 | D        | Found a stormy altar of Qazlal.
   367 | D        | Found a sacrificial altar of Ru.
   368 | D        | Found a deep blue altar of Sif Muna.
   369 | D        | Found a bloodstained altar of Trog.
   370 | D        | Found a hide-covered altar of Uskayaw.
   371 | D        | Found a radiant altar of Vehumet.
   372 | D        | Found a shimmering altar of Xom.
   373 | D        | Found a basalt altar of Yredelemnul.
   374 | D        | Found a glowing silver altar of Zin.
   375 | D        | Found a glowing golden altar of the Shining One.
   376 | D        | Became a worshipper of Sif Muna the Loreminder
   455 | D        | Learned a level 2 spell: Call Imp
   585 | D        | Noticed an ogre
   585 | D        | Noticed a yak
   585 | D        | Noticed a centaur
   585 | D        | Noticed a two-headed ogre
   585 | D        | Noticed an ogre
   605 | D        | Reached XP level 4. HP: 24/24 MP: 1/10
   722 | D        | Killed an ogre
   722 | D        | Reached * piety under Sif Muna
   722 | D        | Reached skill level 10 in Summonings
   728 | D        | Learned a level 4 spell: Summon Lightning Spire
   734 | D        | Killed a yak
   734 | D        | Reached ** piety under Sif Muna
   734 | D        | Reached skill level 11 in Summonings
   734 | D        | Reached XP level 5. HP: 28/28 MP: 0/17
   857 | D        | Killed a centaur
   857 | D        | Reached skill level 1 in Air Magic
   866 | D        | Killed a two-headed ogre
   866 | D        | Reached *** piety under Sif Muna
   866 | D        | Reached **** piety under Sif Muna
   866 | D        | Reached skill level 12 in Summonings
   866 | D        | Reached XP level 6. HP: 32/32 MP: 12/21
   866 | D        | Reached XP level 7. HP: 36/36 MP: 13/23
   989 | D        | Learned a level 4 spell: Summon Ice Beast
   992 | D        | Noticed a white ugly thing
   992 | D        | Noticed a slime creature
   992 | D        | Noticed a tengu warrior
   992 | D        | Noticed a white ugly thing
  1006 | D        | Reached skill level 6 in Air Magic
  1009 | D        | Killed a white ugly thing
  1009 | D        | Reached ***** piety under Sif Muna
  1009 | D        | Reached skill level 13 in Summonings
  1012 | D        | Killed a slime creature
  1012 | D        | Reached skill level 12 in Spellcasting
  1018 | D        | Identified Hatz's Collected Works on Lightness and the Voyage {god gift} (Sif Muna gifted it to you in the Dungeon)
  1018 | D        | Received a gift from Sif Muna
  1022 | D        | Killed a tengu warrior
  1022 | D        | Reached skill level 14 in Summonings
  1022 | D        | Reached XP level 8. HP: 41/41 MP: 13/26
  1022 | D        | Killed a white ugly thing
  1233 | D        | Noticed a spiny frog
  1233 | D        | Noticed a spiny frog
  1237 | D        | Reached skill level 1 in Ice Magic
  1243 | D        | Killed a spiny frog
  1243 | D        | Reached skill level 9 in Air Magic
  1252 | D        | Identified Sif Muna's Reference Book on Creative Weightlessness {god gift} (Sif Muna gifted it to you in the Dungeon)
  1252 | D        | Received a gift from Sif Muna
  1260 | D        | Learned a level 6 spell: Shadow Creatures
  1260 | D        | Reached skill level 3 in Ice Magic
  1269 | D        | Killed a spiny frog
  1358 | D        | Noticed a komodo dragon
  1359 | D        | Noticed a komodo dragon
  1364 | D        | Killed a komodo dragon
  1364 | D        | Reached XP level 9. HP: 45/45 MP: 25/29
  1365 | D        | Killed a komodo dragon
  1598 | D        | Learned a level 5 spell: Aura of Abjuration
  1607 | D        | Learned a level 8 spell: Chain Lightning
  1609 | D        | Noticed an oklob plant
  1628 | D        | Reached skill level 15 in Summonings
  1639 | D        | Killed an oklob plant
  1639 | D        | Identified Sif Muna's Grimoire of the Blaze {god gift} (Sif Muna gifted it to you in the Dungeon)
  1639 | D        | Received a gift from Sif Muna
  1641 | D        | Reached skill level 6 in Ice Magic
  1664 | D        | Noticed a black mamba
  1693 | D        | Killed a black mamba
  1693 | D        | Reached ****** piety under Sif Muna
  1693 | D        | Reached skill level 15 in Spellcasting
  1789 | D        | Learned a level 8 spell: Summon Horrible Things
  1862 | D        | Learned a level 8 spell: Ignition
  1867 | D        | Noticed a spiny frog
  1871 | D        | Reached skill level 1 in Fire Magic
  1882 | D        | Identified Sif Muna's Incunabulum of the Supportive Frostbite {god gift} (Sif Muna gifted it to you in the Dungeon)
  1882 | D        | Received a gift from Sif Muna
  1885 | D        | Reached skill level 3 in Fire Magic
  1892 | D        | Killed a spiny frog
  1900 | D        | Reached skill level 16 in Summonings
  2052 | D        | Noticed Maurice
  2060 | D        | Killed Maurice
  2149 | D        | Noticed an orc knight
  2172 | D        | Killed an orc knight
  2172 | D        | Received a gift from Sif Muna
  2172 | D        | Reached skill level 6 in Fire Magic
  2172 | D        | Reached XP level 10. HP: 50/50 MP: 16/31
  2392 | D        | Noticed an orc sorcerer
  2392 | D        | Noticed an orc knight
  2404 | D        | Killed an orc sorcerer
  2421 | D        | Killed an orc knight
  2470 | D        | Reached skill level 17 in Summonings
  2567 | D        | Found Soiwuoh's Armour Emporium.
  2567 | D        | Noticed an orc high priest
  2567 | D        | Noticed an orc sorcerer
  2567 | D        | Noticed an orc knight
  2578 | D        | Killed an orc high priest
  2578 | D        | Identified Sif Muna's Tome of the Flying Frostbite {god gift} (Sif Muna gifted it to you in the Dungeon)
  2578 | D        | Received a gift from Sif Muna
  2582 | D        | Killed an orc sorcerer
  2582 | D        | Reached skill level 9 in Fire Magic
  2585 | D        | Noticed an orc knight
  2588 | D        | Killed an orc knight
  2595 | D        | Killed an orc knight
  2713 | D        | Found Winofimo's Magic Scroll Shoppe.
  2717 | D        | Found Xekhlam's Antique Armour Emporium.
  2720 | D        | Found Zaolyk's Antique Weapon Shoppe.
  2721 | D        | Noticed an orc sorcerer
  2723 | D        | Noticed an orc high priest
  2725 | D        | Noticed an orc high priest
  2725 | D        | Killed an orc sorcerer
  2746 | D        | Noticed a soul eater
  2751 | D        | Killed an orc high priest
  2753 | D        | Noticed a smoke demon
  2753 | D        | Killed an orc high priest
  2753 | D        | Reached skill level 18 in Summonings
  2819 | D        | Noticed an orc knight
  2827 | D        | Killed an orc knight
  2827 | D        | Received a gift from Sif Muna
  2954 | D        | Noticed an orc knight
  2967 | D        | Killed an orc knight
  2967 | D        | Reached skill level 1 in Fighting
  2988 | D        | Bought a scroll of blinking for 75 gold pieces
  2988 | D        | Bought a scroll of immolation for 35 gold pieces
  2988 | D        | Bought a scroll of immolation for 35 gold pieces
  3022 | D        | Noticed Psyche
  3026 | D        | Noticed Josephine
  3028 | D        | Killed Psyche
  3035 | D        | Killed Josephine
  3035 | D        | Reached XP level 11. HP: 59/59 MP: 21/32
  3152 | D        | Noticed Erica
  3189 | D        | Killed Erica
  3189 | D        | Reached skill level 3 in Fighting
  3323 | D        | Noticed a brown ugly thing
  3323 | D        | Noticed an orc knight
  3323 | D        | Noticed a red ugly thing
  3329 | D        | Reached skill level 12 in Fire Magic
  3330 | D        | Killed a red ugly thing
  3330 | D        | Identified Sif Muna's Disquisition on Sinister Secrets and Transmutation {god gift} (Sif Muna gifted it to you in the Dungeon)
  3330 | D        | Received a gift from Sif Muna
  3334 | D        | Killed an orc knight
  3337 | D        | Killed a brown ugly thing
  3378 | D        | Noticed a stone giant
  3383 | D        | Noticed a rakshasa
  3410 | D        | Killed a rakshasa
  3411 | D        | Killed a stone giant
  3411 | D        | Reached skill level 19 in Summonings
  3411 | D        | Killed a yaktaur captain
  3433 | D        | Noticed a great orb of eyes
  3456 | D        | Killed a great orb of eyes
  3488 | D        | Noticed a deep troll earth mage
  3514 | D        | Killed a deep troll earth mage
  3514 | D        | Identified Loiklo Dirgh's Handbook of Aid and Evil Magic {god gift} (Sif Muna gifted it to you in the Dungeon)
  3514 | D        | Received a gift from Sif Muna
  3514 | D        | Reached skill level 3 in Stealth
  3638 | D        | Noticed a purple very ugly thing
  3639 | D        | Noticed a glowing orange brain
  3646 | D        | Killed a glowing orange brain
  3659 | D        | Killed a purple very ugly thing
  3659 | D        | Reached skill level 6 in Stealth
  3998 | D        | Noticed Saint Roka
  4122 | D        | Killed Saint Roka
  4122 | D        | Reached skill level 9 in Stealth
  4422 | D        | Noticed an orb spider
  4432 | D        | Killed an orb spider
  4596 | D        | Noticed an alligator
  4596 | D        | Noticed a spriggan rider
  4605 | D        | Identified Sif Muna's Grimoire of the Compass and Evil {god gift} (Sif Muna gifted it to you in the Dungeon)
  4605 | D        | Received a gift from Sif Muna
  4629 | D        | Killed a spriggan rider
  4632 | D        | Killed an alligator
  4634 | D        | Reached XP level 12. HP: 69/69 MP: 17/33
  5287 | D        | Noticed a naga warrior
  5288 | D        | Reached skill level 15 in Fire Magic
  5289 | D        | Identified Sif Muna's Catalogue of the Hurtful Mountains {god gift} (Sif Muna gifted it to you in the Dungeon)
  5289 | D        | Received a gift from Sif Muna
  5299 | D        | Killed a naga warrior
  5502 | D        | Noticed a merfolk avatar
  5504 | D        | Noticed an alligator snapping turtle
  5505 | D        | Received a gift from Sif Muna
  5507 | D        | Killed a merfolk avatar
  5507 | D        | Reached skill level 18 in Fire Magic
  5523 | D        | Killed an alligator snapping turtle
  5705 | D        | Noticed Nergalle
  5714 | D        | Killed Nergalle
  5800 | D        | Noticed Nessos
  5821 | D        | Killed Nessos
  5821 | D        | Received a gift from Sif Muna
  5871 | D        | Noticed a purple very ugly thing
  5871 | D        | Noticed an ice dragon
  5871 | D        | Noticed a deep troll earth mage
  5871 | D        | Noticed a shadow dragon
  5874 | D        | Killed a deep troll earth mage
  5875 | D        | Killed an ice dragon
  5876 | D        | Noticed a quicksilver dragon
  5881 | D        | Noticed a deep troll earth mage
  5882 | D        | Killed a red very ugly thing
  5883 | D        | Noticed a spriggan air mage
  5889 | D        | Killed a shadow dragon
  5889 | D        | Identified Zyufiyg's Papyrus of Ignition and Protection {god gift} (Sif Muna gifted it to you in the Dungeon)
  5889 | D        | Received a gift from Sif Muna
  5889 | D        | Reached skill level 20 in Summonings
  5916 | D        | Killed a quicksilver dragon
  5916 | D        | Reached XP level 13. HP: 36/74 MP: 23/36
  6058 | D        | Killed from afar by a spriggan air mage

Vault maps used:
D:        linesprint

Skill      XL: |  1  2  3  4  5  6  7  8  9 10 11 12 |
---------------+-------------------------------------+-----
Summonings     | 8 9 11 12 14 16 18 19 20 | 20.4
Spellcasting   | 7 10 12 14 15 17 | 17.4
Air Magic      | 5 8 9 10 | 10.5
Ice Magic      | 4 6 |  6.4
Fire Magic     | 6 11 14 18 | 18.9
Fighting       | 2 5 |  5.8
Stealth        | 10 | 10.1
Invocations    | 8 |  8.2
Dodging        | |  2.4

Action                   |  1- 3 |  4- 6 |  7- 9 | 10-12 | 13-15 || total
-------------------------+-------+-------+-------+-------+-------++-------
Melee: Unarmed           |     3 |       |       |       |       ||     3
       Staff             |       |       |       |     1 |       ||     1
 Cast: Summon Small Mamm |    36 |       |       |       |       ||    36
       Call Imp          |     8 |     3 |     2 |     1 |       ||    14
       Call Canine Famil |     5 |     3 |     6 |     8 |       ||    22
       Summon Lightning  |       |     2 |    15 |    38 |     2 ||    57
       Summon Ice Beast  |       |       |     8 |       |       ||     8
       Shadow Creatures  |       |       |     8 |       |       ||     8
       Summon Horrible T |       |       |     4 |    27 |     1 ||    32
       Aura of Abjuratio |       |       |       |     2 |       ||     2
       Ignition          |       |       |       |     9 |     1 ||    10
Invok: Forget Spell      |       |       |     2 |       |       ||     2
       Channel Magic     |       |       |       |     2 |       ||     2
       Divine Energy     |       |       |       |     1 |       ||     1
  Use: Potion            |     1 |       |       |     2 |       ||     3
       Scroll            |     1 |       |       |     1 |       ||     2
  Eat: Chunk             |       |       |     4 |     3 |       ||     7
       Meat ration       |       |       |       |     2 |       ||     2
Armor: Robe              |       |       |       |     2 |       ||     2
Dodge: Dodged            |     3 |       |       |     8 |       ||    11
